 Dungeon Crawl Stone Soup version 0.30.0-5-g1a98f26d00 (webtiles) character file.

Game seed: 8342445996438017028

450 Cheops the Basher (level 6, -1/51 HPs)
             Began as a Minotaur Fighter on May 12, 2023.
             Killed by divine providence
             ... invoked by an orc priest
              (15 damage)
             ... on level 3 of the Dungeon.
             The game lasted 00:03:18 (2688 turns).

Cheops the Basher (Minotaur Fighter)                Turns: 2688, Time: 00:03:18

Health: -1/51      AC:  9    Str: 28    XL:     6   Next: 74%
Magic:  5/5        EV:  8    Int:  5    God:
Gold:   207        SH:  4    Dex: 10    Spells: 5/5 levels left

rFire   . . .        a - +0 flail
rCold   . . .        c - +0 buckler
rNeg    . . .        p - +0 chain mail
rPois   .            (helmet restricted)
rElec   .            (no cloak)
rCorr   .            (no gloves)
SInv    .            (no boots)
Will    +....        (no amulet) Stlth
                     h - ring of willpower
HPRegen 0.28/turn    n - +6 ring of strength
MPRegen 0.09/turn

%: no passive effects
@: no status effects
A: horns 2, retaliatory headbutt
a: no special abilities


You were on level 3 of the Dungeon.
You visited 1 branch of the dungeon, and saw 5 of its levels.

You collected 207 gold pieces.

Inventory:

Hand Weapons
 a - a +0 flail (weapon)
 e - a +2 dagger of venom
Armour
 b - a +0 scale mail
 c - a +0 buckler (worn)
 p - a +0 chain mail (worn)
Jewellery
 h - a ring of willpower (left hand)
 n - a +6 ring of strength (right hand)
Wands
 k - a wand of polymorph (3)
 o - a wand of light (6)
Scrolls
 f - 2 scrolls of teleportation {unknown}
 j - a scroll of identify {unknown}
 l - a scroll of vulnerability {unknown}
 m - a scroll of fear {unknown}
Potions
 d - 2 potions of might
 g - a potion of attraction {unknown}
 i - a potion of brilliance {unknown}
 q - a potion of berserk rage {unknown}
 r - a potion of resistance {unknown}
 s - a potion of lignification {unknown}


   Skills:
 - Level 3.6 Fighting
 + Level 8.8 Maces & Flails
 - Level 3.6 Armour
 - Level 3.6 Shields


You had 5 spell levels left.
You didn't know any spells.
Your spell library was empty.

Dungeon Overview and Level Annotations

Branches:
Dungeon (5/15)
 Temple: D:4-7

Altars:
Hepliaklqana
Kikubaaqudgha


Innate Abilities, Weirdness & Mutations

You have a pair of horns on your head.
You reflexively headbutt those who attack you in melee.


Message History

You are too injured to fight recklessly!
You are too injured to fight recklessly!
Unknown command.
You barely miss the orc.
The orc priest begins to cast a cantrip, but forgets the words!
You hit the orc but do no damage. The orc hits you but does no damage.
You completely miss the orc. Something hits you but does no damage.
The orc hits you with a +0 flail.
You closely miss the orc. Something hits you but does no damage.
The orc hits you with a +0 flail.
* * * LOW HITPOINT WARNING * * *
Something hits you but does no damage.
You closely miss the orc. Something hits you but does no damage.
The orc hits you with a +0 flail.
* * * LOW HITPOINT WARNING * * *
The orc priest looks satisfied for a moment.
You closely miss the orc. Something hits you but does no damage.
The orc barely misses you. Something hits you but does no damage.
You hit the orc but do no damage. You headbutt the orc, but do no damage.
Something hits you but does no damage. The orc hits you but does no damage.
You sock the orc!
You kill the orc!
Something hits you but does no damage.
The orc priest invokes the aid of Beogh against you.
Beogh smites you!
* * * LOW HITPOINT WARNING * * *
You hear some strange, mumbled words.
Something tries to affect you, but you resist.
You closely miss the rat. The rat closely misses you.
Something hits you but does no damage.
You sock the rat!
You kill the rat!
You hear some strange, mumbled words.
A puff of flame appears from out of thin air!
The puff of flame hits you.
* * * LOW HITPOINT WARNING * * *
You closely miss the orc priest. Something hits you but does no damage.
The orc priest mumbles some strange prayers to Beogh against you.
Beogh smites you!
You die...

....... .......
...>..| .......
....... # .....# ..
#######o..# # ###
#..#.....@{# # #.#
#......)#### ###.#
###)>....## .##.#
##.##....#
....#####........#
...........#####.#
.....###.#######.###
#..#..#..###...#)..#
#..##...###.....##..#


You could see an orc priest.

Vanquished Creatures
  Sigmund (D:2)
  An ogre (D:3)
  A jelly (D:5)
  Natasha (thrice) (D:2)
  An iguana (D:4)
  2 adders
  2 worms (D:2)
  3 dart slugs
  3 orcs (D:3)
  4 endoplasms
  A giant cockroach (D:4)
  6 goblins
  4 hobgoblins
  4 kobolds (D:1)
  5 ball pythons
  5 bats
  4 frilled lizards
  6 rats
56 creatures vanquished.

Notes
Turn   | Place    | Note
-------+----------+-------------------------------------------
     0 | D:1      | Cheops the Minotaur Fighter began the quest for the Orb.
     0 | D:1      | Reached XP level 1. HP: 19/19 MP: 0/0
     0 | D:1      | Noticed a troll
     0 | D:1      | Noticed an octopode
     1 | D:1      | Noticed a ghoul
     4 | D:1      | Noticed a tengu
     4 | D:1      | Noticed a vine stalker
     7 | D:1      | Noticed a merfolk
     8 | D:1      | Noticed a draconian
     9 | D:1      | Noticed an ogre
    15 | D:1      | Noticed a minotaur
    15 | D:1      | Noticed a ghoul
    17 | D:1      | Noticed a minotaur
    17 | D:1      | Noticed a minotaur
    17 | D:1      | Noticed a barachi
    19 | D:1      | Noticed a spriggan
    19 | D:1      | Noticed a barachi
    60 | D:1      | Reached skill level 3 in Maces & Flails
   125 | D:1      | Reached XP level 2. HP: 14/26 MP: 1/1
   533 | D:1      | Reached skill level 4 in Maces & Flails
   757 | D:2      | Reached XP level 3. HP: 31/31 MP: 2/2
  1039 | D:2      | Noticed Natasha
  1042 | D:2      | Killed Natasha
  1043 | D:2      | Reached skill level 5 in Maces & Flails
  1043 | D:2      | Reached XP level 4. HP: 39/39 MP: 3/3
  1049 | D:2      | Noticed Sigmund
  1072 | D:2      | Killed Sigmund
  1073 | D:2      | Reached skill level 7 in Maces & Flails
  1073 | D:2      | Reached XP level 5. HP: 15/45 MP: 4/4
  1391 | D:2      | Found a faded altar of an unknown god.
  1414 | D:2      | Noticed Natasha
  1423 | D:2      | Killed Natasha
  1826 | D:2      | Noticed Natasha
  1832 | D:2      | Killed Natasha
  1833 | D:2      | Reached XP level 6. HP: 50/51 MP: 5/5
  1955 | D:2      | Found a faded altar of an unknown god.
  2238 | D:3      | You fall into a shaft and drop 2 floors!
  2238 | D:5      | Entered Level 5 of the Dungeon
  2260 | D:5      | Reached skill level 8 in Maces & Flails
  2392 | D:4      | Found an ancient bone altar of Kikubaaqudgha.
  2475 | D:3      | Found a hazy altar of Hepliaklqana.
  2688 | D:3      | Killed from afar by an orc priest

Illustrated notes

Levels and vault maps discovered:
D:1:      shiori_arrival_whats_in_store_for_you, layout_basic
D:2:      layout_basic, dilly_ecumenical_altar_fadedgnrine,
          amcnicky_mini_rare_corridor_liquid, uniq_natasha, uniq_sigmund
D:3:      layout_rooms, overflow_temple_1_default,
          corexii_item_surrounded_by_moat
D:4:      layout_loops_ring, mainiacjoe_overflow_small_starburst,
          minmay_temple_entry_tees, kennysheep_small_circle, uniq_ijyb
D:5:      layout_gridville, minmay_misc_feat_ornament

Skill      XL: |  1  2  3  4  5  6 |
---------------+-------------------+-----
Maces & Flails | 3 4 5 7 8 |  8.8
Fighting       | |  3.6
Armour         | |  3.6
Shields        | |  3.6

Action                     |  1- 3 |  4- 6 || total
---------------------------+-------+-------++-------
  Melee: Flail             |    87 |    78 ||   165
         Headbutt          |    13 |    13 ||    26
 Armour: Scale mail        |    41 |     4 ||    45
         Chain mail        |       |    28 ||    28
  Dodge: Dodged            |    46 |    22 ||    68
  Block: Buckler           |    17 |    12 ||    29
